 Dungeon Crawl Stone Soup version 0.30-a0-381-g6ea064c7b4 (webtiles) character file.

Game seed: 3941147422882425142

74 KennySheep the Shooter (level 3, -3/30 HPs)
             Began as a Demigod Hunter on Dec 2, 2022.
             Slain by an orc wizard
             ... wielding a +0 dagger
              (4 damage)
             ... on level 3 of the Dungeon.
             The game lasted 00:02:16 (1231 turns).

KennySheep the Shooter (Demigod Hunter)             Turns: 1231, Time: 00:02:17

Health: -3/30      AC:  3    Str: 12    XL:     3   Next: 86%
Magic:  5/5        EV: 12    Int: 11    God:
Gold:   84         SH:  0    Dex: 21    Spells: 2/2 levels left

rFire   . . .      SeeInvis .    a - +0 shortbow
rCold   . . .      Faith    .    (shield currently unavailable)
rNeg    . . .      Spirit   .    c - +0 leather armour
rPois   .          Reflect  .    (no helmet)
rElec   .          Harm     .    (no cloak)
rCorr   .          Rampage  .    (no gloves)
Will    .....                    (no boots)
Stlth   ++........               (no amulet)
HPRegen 0.25/turn                (no ring)
MPRegen 0.09/turn                (no ring)

@: no status effects
A: high MP 1, forlorn, divine attributes
a: no special abilities


You were on level 3 of the Dungeon.
You visited 1 branch of the dungeon, and saw 3 of its levels.

You collected 84 gold pieces.

Inventory:

Hand Weapons
 a - a +0 shortbow (weapon)
 b - a +1 short sword of venom
Armour
 c - a +0 leather armour (worn)
Jewellery
 p - an amulet of the acrobat
Scrolls
 d - a scroll of vulnerability {unknown}
 e - a scroll of teleportation {unknown}
 g - a scroll of poison
 i - a scroll of immolation
 j - a scroll of identify {unknown}
 k - 3 scrolls of fog {unknown}
 l - a scroll of magic mapping {unknown}
Potions
 f - a potion of brilliance {unknown}
 h - a potion of might {unknown}
 m - a potion of heal wounds {unknown}
 n - a potion of curing {unknown}
 o - a potion of haste {unknown}


   Skills:
 + Level 2.3 Fighting
 * Level 4.3 Ranged Weapons
 + Level 2.4 Dodging
 + Level 1.7 Stealth


You had 2 spell levels left.
You didn't know any spells.
Your spell library contained the following spells:

 Spells                   Type           Power      Damage    Failure   Level
 Gell's Gravitas          Tloc           0%         N/A       80%         3
 Lesser Beckoning         Tloc           0%         N/A       80%         3
 Teleport Other           Tloc           0%         N/A       80%         3
 Iskenderun's Battlesphe  Conj           0%         2d6       100%        5
 Iron Shot                Conj/Erth      0%         9d1       100%        6
 Spellforged Servitor     Conj/Summ      0%         N/A       100%        7


Dungeon Overview and Level Annotations

Branches:
Dungeon (3/15)


Innate Abilities, Weirdness & Mutations

You have an increased reservoir of magic. (+10% MP)
You shall have no god before yourself.
Your divine heritage dramatically boosts your attributes as you level up.


Message History

The magic dart hits you!
An orc opens the door.
You shoot an arrow. The arrow hits the orc wizard!
The orc wizard is severely wounded.
You shoot an arrow.
The arrow closely misses the orc wizard.
The arrow hits the orc.
The orc is severely wounded.
The orc wizard hits you with a +0 dagger.
You shoot an arrow. The arrow hits the orc wizard.
The orc wizard is severely wounded.
The orc wizard casts a spell.
The orc wizard flickers and vanishes!
Deactivating autopickup; reactivate with Ctrl-A.
Something hits you.
You shoot an arrow.
The arrow hits the orc but does no damage.
The orc is heavily wounded.
You hear some strange, mumbled words.
A magic dart appears from out of thin air!
The magic dart hits you.
You shoot an arrow. The arrow hits the orc.
You kill the orc!
Something hits you but does no damage.
You shoot an arrow. The arrow hits the orc!
You kill the orc!
Something hits you.
* * * LOW HITPOINT WARNING * * *
Something hits you.
* * * LOW HITPOINT WARNING * * *
No target in view!
No target in view!
You shoot an arrow. Something completely misses you.
You shoot an arrow. Something hits you but does no damage.
You shoot an arrow. Something hits you.
* * * LOW HITPOINT WARNING * * *
Something hits you.
* * * LOW HITPOINT WARNING * * *
Okay, then.
You shoot an arrow. Something hits you.
You die...

##############
#..)){@.......
#########.#'###+######
..........#.....#
##.....###.≈≈≈.#
#....)###.....#
#.#.#.#.'.._..+
#...).###.....# #..
..# #.≈≈≈.# #.#.#.#
#[....#


There were no monsters in sight!

Vanquished Creatures
  A gnoll (D:3)
  An adder (D:2)
  5 orcs (D:3)
  4 bats
  4 endoplasms
  A giant cockroach (D:2)
  2 goblins (D:2)
  A hobgoblin (D:1)
  3 jackals (D:2)
  9 kobolds
  2 quokkas (D:2)
  4 ball pythons
  4 frilled lizards
  5 rats
46 creatures vanquished.

Vanquished Creatures (others)
  2 fungi (D:2)
  A plant (D:2)
3 creatures vanquished.

Grand Total: 49 creatures vanquished

Notes
Turn   | Place    | Note
-------+----------+-------------------------------------------
     0 | D:1      | KennySheep the Demigod Hunter began the quest for the Orb.
     0 | D:1      | Reached XP level 1. HP: 17/17 MP: 3/3
    22 | D:1      | Reached skill level 1 in Stealth
   120 | D:1      | Reached XP level 2. HP: 24/24 MP: 4/4
   447 | D:2      | Reached skill level 4 in Ranged Weapons
   563 | D:2      | Reached XP level 3. HP: 8/29 MP: 5/5
  1230 | D:3      | HP: 1/30 [something (2)]
  1231 | D:3      | Slain by an orc wizard

Illustrated notes

Levels and vault maps discovered:
D:1:      evilmike_arrival_plus, layout_basic, serial_glass, glass_columns_a,
          glass_columns_b
D:2:      layout_rooms, shapermc_ecumenical_altar_mp_ritualfount,
          kennysheep_flooded_box, grunt_ministairs_14
D:3:      layout_loops_ring, grunt_temple_overflow_bloody_war,
          mainiacjoe_overflow_six_doors_small, columned_hall_lemuel, uniq_ijyb,
          uniq_robin

Skill      XL: |  1  2 |
---------------+-------+-----
Stealth        | 1 |  1.7
Fighting       | 2 |  2.3
Dodging        | 2 |  2.4
Ranged Weapons | 4 |  4.3

Action                   || total
-------------------------++-------
 Fire: Shortbow          ||   145
  Use: Scroll            ||     1
Armor: Leather armour    ||    25
Dodge: Dodged            ||    72

Table legend: (Time is in decaauts)
 A = Elapsed time spent in this place.
 B = Non-inter-level travel time spent in this place.
 C = Inter-level travel time spent in this place.
 D = Time resting spent in this place.
 E = Time spent auto-exploring this place.
 F = Levels seen in this place.
 G = Mean time per level.
                   A        B        C        D        E       F      G
               +--------+--------+--------+--------+--------+-----+--------+
         Total |   1280 |   1245 |     35 |     98 |    862 |   3 |  426.7 |
       Dungeon |   1280 |   1245 |     35 |     98 |    862 |   3 |  426.7 |
               +--------+--------+--------+--------+--------+-----+--------+

Top non-repeatable levels by time:
     D:2: 628 daAuts
     D:1: 410 daAuts
     D:3: 240 daAuts
